 Dungeon Crawl Stone Soup version 0.30.0-18-gc0e69614cb (webtiles) character file.

Game seed: 3795764138081428944

98 FishyPogo the Ruffian (level 4, -13/37 HPs)
             Began as a Draconian Transmuter on May 25, 2023.
             Killed by an exploding adder (37 damage)
             ... ignited by their inner flame
             ... on level 3 of the Dungeon.
             The game lasted 00:07:33 (1826 turns).

FishyPogo the Ruffian (Draconian Transmuter)        Turns: 1826, Time: 00:07:33

Health: -13/37     AC:  8    Str: 14    XL:     4   Next: 43%
Magic:  7/7        EV: 12    Int: 14    God:
Gold:   128        SH:  0    Dex: 11    Spells: 4/7 levels left

rFire   . . .        e - +3 short sword (holy)
rCold   . . .        (no shield)
rNeg    . . .        (body armour unavailable)
rPois   .            (helmet restricted)
rElec   .            (no cloak)
rCorr   .            m - +2 pair of gloves
SInv    .            (no boots)
Will    .....        (no amulet)
Stlth   +            (no ring)
HPRegen 0.26/turn    (no ring)
MPRegen 0.10/turn

%: no passive effects
@: about to teleport
A: AC +5, unfitting armour, cold-blooded
a: no special abilities


You were on level 3 of the Dungeon.
You visited 1 branch of the dungeon, and saw 3 of its levels.

You collected 128 gold pieces.

Inventory:

Hand Weapons
 e - a +3 short sword of holy wrath (weapon)
Missiles
 c - 29 stones
 d - 6 poisoned darts
Armour
 m - a +2 pair of gloves (worn)
Scrolls
 g - a scroll of identify
Potions
 a - a potion of lignification
 b - a potion of brilliance {unknown}
 f - 2 potions of curing {unknown}
 i - a potion of resistance {unknown}


   Skills:
 + Level 2.3 Fighting
 - Level 2.0 Dodging
 + Level 3.6 Unarmed Combat
 - Level 2.0 Spellcasting
 * Level 3.6 Transmutations


You had 4 spell levels left.
You knew the following spells:

 Your Spells              Type           Power      Damage    Failure   Level
a - Beastly Appendage     Tmut           22%        N/A       5%          1
b - Wereblood             Tmut           11%        N/A       9%          2

Your spell library contained the following spells:

 Spells                   Type           Power      Damage    Failure   Level
 Magic Dart               Conj           4%         1d3       24%         1
 Searing Ray              Conj           2%         2d4       34%         2
 Spider Form              Tmut/Pois      6%         N/A       34%         3
 Vhi's Electric Charge    Tloc/Air       2%         N/A       56%         3
 Ice Form                 Ice/Tmut       6%         N/A       75%         4
 Fulminant Prism          Conj/Hex       0%         3d5       93%         4
 Arcjolt                  Conj/Air       0%         1d10      100%        5
 Maxwell's Capacitive Co  Air            0%         ∞         100%        8


Dungeon Overview and Level Annotations

Branches:
Dungeon (2/15)

Altars:

Shops:
D:1 =


Innate Abilities, Weirdness & Mutations

Your plain brown scales are hard. (AC +5)
You cannot fit into any form of body armour.
You are cold-blooded and may be slowed by cold attacks.


Message History

The adder poisons you! The adder misses you. The adder bites you.
What are your orders? t - Shout!
Orders for allies: a - Attack new target. r - Retreat! s - Stop attacking. g - Guard the area. f - Follow me.
Anything else - Cancel.
Okay, then.
Unknown command.
As you read the scroll labelled LIYLASIGIWA, it crumbles to dust.
You hear a loud clanging noise!
It was a scroll of noise.
You feel sick.
You hear a shout!
The adder misses you. The adder closely misses you.
As you read the scroll labelled PYHIXZ HERRYC, it crumbles to dust.
It is a scroll of enchant weapon.
Your +2 short sword of holy wrath glows red for a moment.
You feel sick.
The adder bites you but does no damage. x2
The adder closely misses you.
As you read the scroll labelled XOB XEOZIMEEXT, it crumbles to dust.
The creatures around you are filled with an inner flame!
It was a scroll of immolation.
You feel sick. The adder barely misses you. The adder closely misses you.
As you read the scroll labelled CISTIGG TAFUSCH, it crumbles to dust.
It is a scroll of enchant armour.
Your +1 pair of gloves glows green for a moment.
You feel sick. The adder closely misses you.
The adder bites you but does no damage. x2
As you read the scroll of teleportation, it crumbles to dust.
You feel strangely unstable.
You feel sick. The adder bites you but does no damage. The adder bites you.
You hit the adder.
Flame seeps out of the adder.
The adder is moderately wounded.
You feel sick.
You are no longer poisoned.
The adder is engulfed in blazing flames.
The adder explodes!
The fiery explosion engulfs you!!!
Ouch! That really hurt!
You die...

##.......##
#.[.......##
#..........#
#..........#
###+#####+##.##.######+
#.........##.##.##.....
#.....§§§.##.##........
#......○§..............
#.....@§§###.#####.....
#.....S..# #.# #.....
#........# #.# #.....
###........#.# #.....
#..#####.#.# #.....
#... .#.# #..... ##.##
#.# #.. ####


You could see an adder (inner flame).

Vanquished Creatures
  3 adders
  3 worms (D:2)
  3 dart slugs
  5 endoplasms
  9 goblins
  7 hobgoblins
  10 jackals
  A quokka (D:2)
  2 ball pythons
  8 bats
  A frilled lizard (D:1)
  4 kobolds
  4 rats
60 creatures vanquished.

Notes
Turn   | Place    | Note
-------+----------+-------------------------------------------
     0 | D:1      | FishyPogo the Draconian Transmuter began the quest for the
                  | Orb.
     0 | D:1      | Reached XP level 1. HP: 16/16 MP: 3/3
   179 | D:1      | Reached XP level 2. HP: 23/23 MP: 5/5
   182 | D:1      | Learned a level 2 spell: Wereblood
   400 | D:1      | Reached XP level 3. HP: 25/29 MP: 2/6
   767 | D:1      | Found Jousul's Jewellery Shop.
  1140 | D:2      | Reached XP level 4. HP: 31/36 MP: 5/7
  1768 | D:2      | You fall into a shaft and drop 1 floor!
  1826 | D:3      | Killed by an exploding adder... ignited by their inner
                  | flame

Illustrated notes

Levels and vault maps discovered:
D:1:      psy_arrival_fountain, layout_basic, serial_shops, shop
D:2:      minmay_angry_zag, layout_loops_cross, nrook_campfire,
          grunt_decor_mini_mirrors, minmay_pentomino_z2
D:3:      layout_basic, nemelex_dance_club_becter,
          mainiacjoe_overflow_surrounded_room, gammafunk_ghost_cemetery

Skill      XL: |  1  2  3 |
---------------+----------+-----
Dodging        | 2 |  2.0
Transmutations | 3 |  3.6
Fighting       | 2 |  2.3
Unarmed Combat | |  3.6
Spellcasting   | |  2.0

Action                     |  1- 3 |  4- 6 || total
---------------------------+-------+-------++-------
  Melee: Unarmed           |    39 |       ||    39
         Kick              |    17 |     8 ||    25
         Headbutt          |    18 |     4 ||    22
         Punch             |     5 |       ||     5
         Short sword       |    75 |    48 ||   123
         Tailslap          |    10 |     4 ||    14
   Cast: Beastly Appendage |    17 |     7 ||    24
         Wereblood         |     1 |     1 ||     2
    Use: Scroll            |       |     6 ||     6
 Armour: Skin              |    40 |    28 ||    68
  Dodge: Dodged            |    75 |    53 ||   128
